 Dungeon Crawl Stone Soup version 0.30-a0-737-gf23d94013f (webtiles) character file.

Game seed: 17843914352553070849

506 TheChurchIsHere the Chopper (level 6, 0/52 HPs)
             Began as a Minotaur Gladiator on Feb 1, 2023.
             Was a Believer of Zin.
             Slain by Duvessa
             ... wielding a +0 short sword
              (8 damage)
             ... on level 5 of the Dungeon.
             The game lasted 00:20:48 (1599 turns).

TheChurchIsHere the Chopper (Minotaur Gladiator)    Turns: 1599, Time: 00:20:49

Health: 0/52       AC: 12    Str: 18    XL:     6   Next: 97%
Magic:  5/5        EV:  6    Int:  5    God:    Zin [**....]
Gold:   150        SH:  0    Dex: 12    Spells: 5/5 levels left

rFire   . . .      SeeInvis .    A - +2 spear "Eratas" {freeze, rC+ Will+ Str-2}
rCold   + . .      Faith    .    (no shield)
rNeg    . . .      Spirit   .    s - +0 plate armour
rPois   .          Reflect  .    c - +0 hat
rElec   .          Harm     .    (no cloak)
rCorr   .          Rampage  .    w - +0 pair of gloves
Will    +....                    (no boots) Stlth
                                 (no amulet)
HPRegen 0.28/turn                y - ring of flight
MPRegen 0.09/turn                (no ring)

@: flying
A: horns 2, retaliatory headbutt
a: Renounce Religion, Recite, Vitalisation, Donate Gold


You were on level 5 of the Dungeon.
You worshipped Zin.
Zin was pleased with you.
You visited 1 branch of the dungeon, and saw 5 of its levels.

You collected 166 gold pieces.
You donated 16 gold pieces to Zin.

Inventory:

Hand Weapons
 a - a +0 war axe
 h - a +0 short sword
 m - a +0 dagger
 n - a +0 whip
 x - a +0 rapier
 A - the +2 spear "Eratas" (weapon) {freeze, rC+ Will+ Str-2}
   (You found it on level 4 of the Dungeon)

   Str:       It affects your strength (-2).
   rC:        It protects you from cold.
   Will:      It increases your willpower.
Missiles
 d - 3 throwing nets (quivered)
 e - a javelin
 f - 2 poisoned darts
 l - 23 stones
Armour
 b - a +0 leather armour
 c - a +0 hat (worn)
 i - a +0 leather armour
 s - a +0 plate armour (worn)
 w - a +0 pair of gloves (worn)
Magical Staves
 C - a staff of fire
Jewellery
 y - a ring of flight (left hand)
 D - an amulet of the acrobat
Scrolls
 j - a scroll of blinking {unknown}
 o - 4 scrolls of teleportation {unknown}
 p - 2 scrolls of vulnerability {unknown}
 q - a scroll of amnesia {unknown}
 r - a scroll of enchant weapon {unknown}
 t - a scroll of identify {unknown}
 v - a scroll of poison {unknown}
 E - a scroll of immolation {unknown}
Potions
 k - 2 potions of haste {unknown}
 u - 2 potions of lignification {unknown}
 z - a potion of brilliance {unknown}
 B - a potion of flight {unknown}


   Skills:
 + Level 3.9 Fighting
 * Level 7.0 Axes
 + Level 3.0 Throwing
 * Level 3.1 Armour
 + Level 4.4 Dodging


You had 5 spell levels left.
You didn't know any spells.
Your spell library was empty.

Dungeon Overview and Level Annotations

Branches:
Dungeon (5/15)             Temple (0/1) D:5

Altars:
Cheibriados
Makhleb
Okawaru
Zin

Shops:
D:2 (

Annotations:
D:5 Duvessa


Innate Abilities, Weirdness & Mutations

You have a pair of horns on your head.
You reflexively headbutt those who attack you in melee.


Message History

The puff of flame hits you. Dowan casts a spell at you.
The puff of frost hits you. You resist. Dowan hits you but does no damage.
Duvessa hits you with a +0 short sword.
You barely miss Dowan. Your headbutt misses Dowan.
Duvessa hits you but does no damage. Dowan barely misses you.
You puncture Dowan! You freeze Dowan.
Dowan is moderately wounded.
Duvessa says, "My weaknesses are his strengths!"
Duvessa hits you but does no damage. Dowan gestures at you while chanting.
The puff of frost misses you.
You hit Dowan. You freeze Dowan.
Dowan is heavily wounded.
Dowan barely misses you. Duvessa hits you with a +0 short sword.
You puncture Dowan! You freeze Dowan. Your headbutt misses Dowan.
Dowan is almost dead.
Dowan hits you with a +0 dagger. Duvessa hits you with a +0 short sword!
You puncture Dowan! You freeze Dowan.
You kill Dowan!
Duvessa screams, "No!
How DARE you!"
Duvessa goes berserk!
Duvessa hits you with a +0 short sword!
Your Axes skill increases to level 7!
Your Armour skill increases to level 3!
You puncture Duvessa! You freeze Duvessa.
Duvessa is moderately wounded.
Duvessa hits you with a +0 short sword.
* * * LOW HITPOINT WARNING * * *
You closely miss Duvessa. You headbutt Duvessa.
Duvessa is moderately wounded.
Duvessa hits you but does no damage. Duvessa hits you with a +0 short sword!
* * * LOW HITPOINT WARNING * * *
You closely miss Duvessa.
Duvessa is moderately wounded.
Duvessa hits you but does no damage.
You feel better. Duvessa hits you with a +0 short sword.
* * * LOW HITPOINT WARNING * * *
You feel better. Duvessa hits you with a +0 short sword.
* * * LOW HITPOINT WARNING * * *
Duvessa hits you with a +0 short sword!
You die...

####.#########... ...
......#<.......... ...
##.##....##..###.# ####
...............#.# #...
...≈≈≈≈≈.........####.#.
.≈≈≈≈≈≈≈≈≈..............
≈≈≈≈≈≈≈≈≈≈≈≈....#####.#.
≈≈≈≈..e≈≈≈≈≈≈.........#.
≈≈≈≈.>)@≈≈≈≈≈...........
≈≈≈≈...≈≈≈≈≈≈.#.####....
≈≈≈≈≈.≈≈≈≈≈≈≈........##.
≈≈≈≈≈.≈≈≈≈≈≈..#..######.
.≈≈≈≈.≈≈≈≈....#..# ##.
...≈≈.≈≈.........# #..
..............##.# #..
.###..#.#####.# .# #..
#..


You could see Duvessa (berserk).

Vanquished Creatures
  A phantom (D:4)
  A scorpion (D:5)
  A necrophage (D:3)
  Dowan (D:5)
  A hound (D:5)
  3 orc wizards
  3 gnolls (D:4)
  5 adders
  A shadow imp (D:5)
  2 ufetubi (D:5)
  3 dart slugs
  7 orcs
  3 ball pythons
  5 endoplasms
  2 giant cockroaches
  6 goblins
  6 hobgoblins
  2 quokkas (D:4)
  2 bats
  2 frilled lizards
  4 kobolds
  9 rats
70 creatures vanquished.

Vanquished Creatures (others)
  3 plants
3 creatures vanquished.

Grand Total: 73 creatures vanquished

Notes
Turn   | Place    | Note
-------+----------+-------------------------------------------
     0 | D:1      | TheChurchIsHere the Minotaur Gladiator began the quest for
                  | the Orb.
     0 | D:1      | Reached XP level 1. HP: 18/18 MP: 0/0
    99 | D:1      | Reached XP level 2. HP: 20/25 MP: 1/1
   133 | D:1      | Reached skill level 4 in Axes
   445 | D:2      | Reached XP level 3. HP: 24/30 MP: 2/2
   590 | D:2      | Found Eliceet's Antique Weapon Shop.
   785 | D:3      | Reached XP level 4. HP: 38/38 MP: 3/3
   842 | D:3      | Reached XP level 5. HP: 26/45 MP: 4/4
   869 | D:3      | Reached skill level 5 in Axes
   869 | D:3      | Reached skill level 1 in Armour
  1114 | D:3      | Found a faded altar of an unknown god.
  1122 | D:3      | Prayed at the altar of an unknown god.
  1122 | D:3      | Became a worshipper of Zin the Law-Giver
  1122 | D:3      | Reached * piety under Zin
  1122 | D:3      | Reached ** piety under Zin
  1195 | D:4      | Found a burning altar of Makhleb.
  1195 | D:4      | Found an iron altar of Okawaru.
  1207 | D:4      | Identified the +2 spear "Eratas" {freeze, rC+ Will+ Str-2}
  1257 | D:4      | Found a snail-covered altar of Cheibriados.
  1357 | D:4      | Noticed a phantom
  1369 | D:4      | Killed a phantom
  1370 | D:4      | Reached skill level 6 in Axes
  1370 | D:4      | Reached XP level 6. HP: 42/52 MP: 5/5
  1457 | D:5      | Entered Level 5 of the Dungeon
  1575 | D:5      | Found a staircase to the Ecumenical Temple.
  1576 | D:5      | Noticed Duvessa
  1576 | D:5      | Noticed Dowan
  1594 | D:5      | Killed Dowan
  1595 | D:5      | Reached skill level 7 in Axes
  1599 | D:5      | Slain by Duvessa

Illustrated notes

Levels and vault maps discovered:
D:1:      elethiomel_arrival_quiet, layout_rooms, serial_bayou_lagoon_b
D:2:      layout_rooms, serial_shops, nicolae_shop_competitors_out_of_business,
          minmay_fountain_box
D:3:      layout_loops_cross, hellmonk_ecumenical_altar_heavens_door,
          kennysheep_generic_room_12
D:4:      minmay_wonky_spiral, layout_gridville, cheibriados_altar_2,
          jmf_multi_god_temple, serial_bayou_lagoon_a
D:5:      minmay_clustersquares, layout_basic, minitemple, temple_pool_b,
          nrook_pool_corridor, uniq_duvessa

Skill      XL: |  1  2  3  4  5  6 |
---------------+-------------------+-----
Axes           | 4 6 7 |  7.0
Dodging        | 4 |  4.4
Fighting       | 3 |  3.9
Throwing       | 3 |  3.0
Armour         | 1 3 |  3.1

Action                     |  1- 3 |  4- 6 || total
---------------------------+-------+-------++-------
  Melee: War axe           |    76 |    55 ||   131
         Headbutt          |     7 |    11 ||    18
         Spear             |       |    49 ||    49
    Use: Potion            |       |     3 ||     3
 Armour: Leather armour    |    17 |       ||    17
         Plate armour      |    10 |   102 ||   112
  Dodge: Dodged            |    41 |    33 ||    74

Table legend: (Time is in decaauts)
 A = Elapsed time spent in this place.
 B = Non-inter-level travel time spent in this place.
 C = Inter-level travel time spent in this place.
 D = Time resting spent in this place.
 E = Time spent auto-exploring this place.
 F = Levels seen in this place.
 G = Mean time per level.
                   A        B        C        D        E       F      G
               +--------+--------+--------+--------+--------+-----+--------+
         Total |   1629 |    524 |   1105 |      0 |      0 |   5 |  325.8 |
       Dungeon |   1629 |    524 |   1105 |      0 |      0 |   5 |  325.8 |
               +--------+--------+--------+--------+--------+-----+--------+

Top non-repeatable levels by time:
     D:1: 447 daAuts
     D:3: 407 daAuts
     D:2: 356 daAuts
     D:4: 279 daAuts
     D:5: 139 daAuts
